 Dungeon Crawl Stone Soup version 0.20-a0-792-g09bcfd3 (webtiles) character file.

96 Alarkh the Ducker (level 4, 0/31 HPs)
             Began as a Halfling Monk on Feb 28, 2017.
             Slain by an adder (2 damage)
             ... on level 2 of the Dungeon.
             The game lasted 00:02:11 (2221 turns).

Alarkh the Ducker (Halfling Monk)                   Turns: 2221, Time: 00:02:12

Health: 0/31       AC:  2    Str: 10 (12) XL:     4   Next: 98%
Magic:  4/4        EV: 16    Int:  7 (9)  God:
Gold:   103        SH:  0    Dex: 14 (16) Spells: 3/3 levels left

rFire    . . .     SeeInvis .     - Unarmed
rCold    . . .     Gourm    .   a - +0 robe
rNeg     . . .     Faith    .   (shield restricted)
rPois    .         Spirit   .   (no helmet)
rElec    .         Reflect  .   (no cloak)
rCorr    .         Harm     .   (no gloves)
MR       .....                  (no boots)
Stlth    ++........             (no amulet)
Regen    0.1/turn               (no ring)
MPRegen  0.1/turn               (no ring)

@: no status effects
A: mutation resistance 1
a: no special abilities


You were on level 2 of the Dungeon.
You were hungry.

You visited 1 branch of the dungeon, and saw 3 of its levels.

You collected 103 gold pieces.

Inventory:

Armour
 a - a +0 robe (worn)
Scrolls
 c - a scroll of remove curse {unknown}
 e - a scroll of enchant armour {unknown}
 g - 4 scrolls of identify {unknown}
 h - a scroll of fog {unknown}
 k - a scroll of blinking {unknown}
 p - a scroll of teleportation {unknown}
Potions
 d - a potion of flight {unknown}
 l - a potion of resistance {unknown}
 m - a potion of might {unknown}
 n - a potion of cancellation {unknown}
 o - a potion of degeneration
Comestibles
 b - 3 bread rations
 f - a royal jelly
 i - a fruit
 j - 4 chunks of flesh


   Skills:
 + Level 3.4 Fighting
 + Level 4.1 Dodging
 + Level 2.4 Stealth
 * Level 3.2 Unarmed Combat


You had 3 spell levels left.
You didn't know any spells.

Dungeon Overview and Level Annotations

Branches:
Dungeon (3/15)

Altars:
Cheibriados
Gozag


Innate Abilities, Weirdness & Mutations

You are small and have problems with some larger weapons.
You are somewhat resistant to further mutation.


Message History

The adder barely misses you.
You climb upwards.
There is a stone staircase leading down here.
Okay, then.
You hit the adder.
The adder is lightly wounded.
The adder misses you.
You hit the adder but do no damage.
The adder is lightly wounded.
The adder misses you. The adder bites you.
* * * LOW HITPOINT WARNING * * *
You barely miss the adder.
The adder is lightly wounded.
The adder bites you.
* * * LOW HITPOINT WARNING * * *
It was a potion of degeneration.
There was something very wrong with that liquid.
You feel weakened.
You feel dopey.
You feel clumsy. The adder bites you.
You die...

###.## #.....#
###.# #.###.#
.##.#####.###.#
.##.##......#.#
.##.#######.#.####
.##.# #..)#....#
###.# #.######.#
###.#####.######.#
................@#
##..#####.#.####S#
##..#.....#.# #.#
##..#.#####.# #.#
##..#.# #.# #.#
....#.# #.# ###
.#.##.# #.#
.#....# #.#
..###### #)#


You could see an adder.

Vanquished Creatures
  4 adders (D:2)
  2 worms (D:2)
  2 dart slugs
  A leopard gecko (D:2)
  7 bats
  5 giant cockroaches
  A goblin (D:3)
  6 hobgoblins (D:2)
  4 jackals (D:2)
  6 frilled lizards
  5 kobolds (D:1)
  8 rats
51 creatures vanquished.

Notes
Turn   | Place    | Note
-------+----------+-------------------------------------------
     0 | D:1      | Alarkh the Halfling Monk began the quest for the Orb.
     0 | D:1      | Reached XP level 1. HP: 15/15 MP: 1/1
    63 | D:1      | Reached XP level 2. HP: 18/20 MP: 2/2
   785 | D:1      | Reached XP level 3. HP: 22/26 MP: 3/3
  1231 | D:2      | Reached XP level 4. HP: 28/31 MP: 4/4
  1460 | D:2      | Reached skill level 4 in Dodging
  1481 | D:2      | Found an opulent altar of Gozag.
  2186 | D:3      | Found a snail-covered altar of Cheibriados.
  2221 | D:2      | Slain by an adder

Vault maps used:
D:1:      mrwooster_arrival_arrow, minmay_distorted
D:2:      nicolae_gozag_cash_rules_everything_around_me, first_bread
D:3:      lemuel_crystal_altar, chequers_ecumenical_altar_twisty, serial_bayou,
          serial_bayou_lake_a, serial_bayou_shore_a, serial_bayou_pond_a,
          serial_bayou_pond_b, kennysheep_slug_shrine

Skill      XL: |  1  2  3  4 |
---------------+-------------+-----
Fighting       | 3 |  3.4
Unarmed Combat | 3 |  3.2
Dodging        | 4 |  4.1
Stealth        | |  2.4

Action                   |  1- 3 |  4- 6 || total
-------------------------+-------+-------++-------
Melee: Unarmed           |   159 |   118 ||   277
       Punch             |     1 |       ||     1
  Use: Potion            |     2 |     2 ||     4
 Stab: Sleeping          |     5 |     5 ||    10
       Distracted        |       |     1 ||     1
  Eat: Chunk             |     1 |     3 ||     4
Armor: Robe              |    20 |     7 ||    27
Dodge: Dodged            |   130 |    86 ||   216
